 Dungeon Crawl Stone Soup version 0.30.1-11-g7821555f0a (webtiles) character file.

Game seed: 11310240704624752553

0 Ijustatesigmund the Conjurer (level 1, -5/11 HPs)
             Began as an Octopode Conjurer on Jan 11, 2024.
             Slain by a worm (9 damage)
             ... on level 2 of the Dungeon.
             The game lasted 00:00:45 (59 turns).

Ijustatesigmund the Conjurer (Octopode Conjurer)      Turns: 59, Time: 00:00:46

Health: -5/11      AC:  1    Str:  6    XL:     1   Next: 10%
Magic:  0/3        EV: 13    Int: 20    God:
Gold:   11         SH:  0    Dex: 10    Spells: 3/4 levels left

rFire   . . .        (no weapon)
rCold   . . .        (no shield)
rNeg    . . .        (helmet restricted)
rPois   .            (no amulet)
rElec   .            (no ring)
rCorr   .            (no ring)
SInv    .            (no ring)
Will    .....        (no ring)
Stlth   +++          (no ring)
HPRegen 0.21/turn    (no ring)
MPRegen 0.08/turn    (no ring)
                     (no ring)

%: no passive effects
@: no status effects
A: almost no armour, amphibious, 8 rings, camouflage 1, gelatinous body 1,
(nimble swimmer 1), tentacles
a: no special abilities


You were on level 2 of the Dungeon.
You visited 1 branch of the dungeon, and saw 2 of its levels.

You collected 11 gold pieces.

Inventory:

Potions
 a - a potion of magic


   Skills:
 + Level 0.0 Fighting
 - Level 2.0 Dodging
 - Level 2.6 Stealth
 + Level 2.0 Spellcasting
 + Level 4.0 Conjurations


You had 3 spell levels left.
You knew the following spells:

 Your Spells              Type           Power      Damage    Failure   Level
a - Magic Dart            Conj           72%        1d6       3%          1

Your spell library contained the following spells:

 Spells                   Type           Power      Damage    Failure   Level
 Searing Ray              Conj           36%        2d5       4%          2
 Dazzling Flash           Conj/Hex       20%        N/A       21%         3
 Fulminant Prism          Conj/Hex       5%         3d7       56%         4
 Iskenderun's Mystic Bla  Conj/Tloc      10%        2d4       56%         4


Dungeon Overview and Level Annotations

Branches:
Dungeon (1/15)

Altars:


Innate Abilities, Weirdness & Mutations

You cannot wear most types of armour.
You are amphibious.
You can wear up to eight rings at the same time.
Your skin changes colour to match your surroundings (Stealth+).
Your rubbery body absorbs attacks. (AC +1, EV +1)
((You are camouflaged when in or above water. (Stealth+)))
You have tentacles for arms and can constrict up to eight enemies at once.


Message History

Confirm with . or Enter, or press ? or * to list all spells.
You don't have enough magic to cast this spell.
Casting: Magic Dart (safe; 3% risk of failure)
Confirm with . or Enter, or press ? or * to list all spells.
You don't have enough magic to cast this spell.
A worm is nearby!
Casting: Magic Dart (safe; 3% risk of failure)
Confirm with . or Enter, or press ? or * to list all spells.
You don't have enough magic to cast this spell.
The worm misses you.
You tentacle-slap the worm but do no damage.
You grab the worm.
The worm is lightly wounded.
You constrict the worm, but do no damage.
You tentacle-slap the worm but do no damage.
The worm is lightly wounded.
You constrict the worm. The worm closely misses you.
You tentacle-slap the worm but do no damage.
The worm is moderately wounded.
You constrict the worm. You barely miss the worm.
The worm is moderately wounded.
You constrict the worm. The worm bites you!
Ouch! That really hurt!
You are too injured to fight recklessly!
You are too injured to fight recklessly!
You are too injured to fight recklessly!
A worm is nearby!
Casting: Magic Dart (safe; 3% risk of failure)
Confirm with . or Enter, or press ? or * to list all spells.
Aiming: Magic Dart (safe; 3% risk of failure)
Press: ? - help, Shift-Dir - straight line, f/p - worm
Aim: a worm (moderately wounded, constricted by you, 100% to hit)
The magic dart hits the worm.
The worm is heavily wounded.
You constrict the worm.
A dart slug comes into view.
The worm bites you!
Ouch! That really hurt!
You die...

## w.. #.# ###
#... ..#
#..###.#
...#?# #w#.#
#.@.#
..####..##
#.....#..#
#####....#
##...###
#.....#####.
##.#......#.
#.#..###.#.###
#.##.# ....†#


You could see a worm and a dart slug (wandering).

Vanquished Creatures
  A rat (D:2)
1 creature vanquished.

Notes
Turn   | Place    | Note
-------+----------+-------------------------------------------
     0 | D:1      | Ijustatesigmund the Octopode Conjurer began the quest for
                  | the Orb.
     0 | D:1      | Reached XP level 1. HP: 11/11 MP: 3/3
     4 | D:1      | You fall into a shaft and drop 1 floor!
    59 | D:2      | Slain by a worm

Illustrated notes

Levels and vault maps discovered:
D:1:      zaba_arrival_water, layout_basic, chequers_ecumenical_altar_simple
D:2:      layout_rooms, serial_shops, shop, uniq_crazy_yiuf_cottage

Action                     || total
---------------------------++-------
  Melee: Unarmed           ||     4
         Constrict         ||     1
   Cast: Magic Dart        ||     5
  Dodge: Dodged            ||     2
